 Dungeon Crawl Stone Soup version 0.28.0-53-g5a82cb258f (webtiles) character file.

Game seed: 932830739654500638

4 Zeld the Chiller (level 1, 0/13 HPs)
             Began as a Merfolk Ice Elementalist on May 23, 2022.
             Slain by a giant cockroach (2 damage)
             ... on level 1 of the Dungeon.
             The game lasted 00:00:43 (147 turns).

Zeld the Chiller (Merfolk Ice Elementalist)          Turns: 147, Time: 00:00:43

Health: 0/13       AC:  2    Str:  8    XL:     1   Next: 60%
Magic:  0/3        EV: 12    Int: 14    God:
Gold:   0          SH:  0    Dex: 14    Spells: 3/4 levels left

rFire   . . .      SeeInvis .   (no weapon)
rCold   . . .      Faith    .   (no shield)
rNeg    . . .      Spirit   .   a - +0 robe
rPois   .          Reflect  .   (no helmet)
rElec   .          Harm     .   (no cloak)
rCorr   .          Rampage  .   (no gloves)
Will    .....                   (no boots)
Stlth   ++........              (no amulet)
HPRegen 0.04/turn               (no ring)
MPRegen 0.08/turn               (no ring)

@: no status effects
A: (nimble swimmer 2), mertail
a: no special abilities


You were on level 1 of the Dungeon.
You visited 1 branch of the dungeon, and saw 1 of its levels.

Inventory:

Armour
 a - a +0 robe (worn)
Scrolls
 b - a scroll of identify {unknown}


   Skills:
 + Level 2.8 Dodging
 - Level 2.1 Stealth
 * Level 2.1 Spellcasting
 * Level 4.5 Ice Magic


You had 3 spell levels left.
You knew the following spells:

 Your Spells              Type           Power      Damage    Failure   Level
a - Freeze                Ice            56%        1d7       3%          1

Your spell library contained the following spells:

 Spells                   Type           Power      Damage    Failure   Level
 Frozen Ramparts          Ice            28%        1d4       11%         3
 Ozocubu's Armour         Ice            14%        N/A       11%         3
 Hailstorm                Conj/Ice       7%         3d4       67%         4


Dungeon Overview and Level Annotations

Branches:
Dungeon (1/15)

Altars:
Ashenzari


Innate Abilities, Weirdness & Mutations

((You are very nimble when in or above water. (Stealth+, EV+, Speed+++)))
Your lower body shifts to a powerful aquatic tail in water.


Message History

You freeze the kobold.
The kobold is heavily wounded.
The kobold misses you.
Unknown command.
Unknown command.
There is a staircase leading out of the dungeon here.
Casting: Freeze (safe; 3% risk of failure)
Confirm with . or Enter, or press ? or * to list all spells.
Aiming: Freeze (safe; 3% risk of failure)
Press: ? - help, Shift-Dir - straight line, f/p - kobold
Aim: a kobold, wielding a +0 club (heavily wounded)
You freeze the kobold.
You kill the kobold!
Unknown command.
The giant cockroach barely misses you.
The giant cockroach waves its antennae.
The giant cockroach barely misses you.
Casting: Freeze (safe; 3% risk of failure)
Confirm with . or Enter, or press ? or * to list all spells.
Aiming: Freeze (safe; 3% risk of failure)
Press: ? - help, Shift-Dir - straight line, f - giant cockroach
Aim: a giant cockroach You freeze the giant cockroach.
The giant cockroach is severely wounded.
The giant cockroach bites you.
* * * LOW HITPOINT WARNING * * *
The giant cockroach bites you.
* * * LOW HITPOINT WARNING * * *
The giant cockroach closely misses you.
Casting: Freeze (safe; 3% risk of failure)
Confirm with . or Enter, or press ? or * to list all spells.
Aiming: Freeze (safe; 3% risk of failure)
Press: ? - help, Shift-Dir - straight line, f/p - giant cockroach
Aim: a giant cockroach (moderately wounded)
You freeze the giant cockroach.
The giant cockroach is heavily wounded.
The giant cockroach misses you.
Unknown command.
The giant cockroach bites you.
You die...

#............≈≈≈≈≈≈≈≈≈≈
#.............≈≈≈≈≈≈≈≈≈
#.............≈≈≈≈≈≈≈≈≈
#..............≈≈≈≈≈≈≈≈
#...............≈≈≈≈≈≈≈ ..B...
#..........)......≈≈≈≈≈ ......
###.#.....####.##...≈≈≈ ...B..
#.###+#.# #.<#.....≈ ....$.
#...@B#.# #......... ......#####
####....##########... ..........#
#..............##..#.
..........###.#.....######.##.###
..........'....)...># #..B....
.......†..###.####### ########
..........# #.# .....##.### #.#
..... #.# #.#


You could see a giant cockroach.

Vanquished Creatures
  2 bats (D:1)
  2 kobolds (D:1)
4 creatures vanquished.

Notes
Turn   | Place    | Note
-------+----------+-------------------------------------------
     0 | D:1      | Zeld the Merfolk Ice Elementalist began the quest for the
                  | Orb.
     0 | D:1      | Reached XP level 1. HP: 13/13 MP: 3/3
    41 | D:1      | Found a broken altar of Ashenzari.
   147 | D:1      | Slain by a giant cockroach

Illustrated notes

Levels and vault maps discovered:
D:1:      dpeg_arrival_water_altar, layout_basic, serial_shops,
          nicolae_shop_stone, grunt_decor_fettered

Action                   || total
-------------------------++-------
Melee: Unarmed           ||    10
 Cast: Freeze            ||     9
Armor: Robe              ||     6
Dodge: Dodged            ||    14
